[Event "GambitGuide"]
[Site "Internet Chess Club"]
[Date "2014.10.30"]
[Round "1"]
[White "JSBach"]
[Black "CadiZKilleR"]
[Result "0-1"]
[ICCResult "White checkmated"]
[WhiteElo "1666"]
[BlackElo "1582"]
[Opening "Vienna: `Frankenstein-Dracula' variation"]
[ECO "C27"]
[NIC "VG.02"]
[Time "15:20:09"]
[TimeControl "120+12"]

1. e4 e5 2. Nc3 Nf6 3. Bc4 Nxe4 4. Qh5 Nd6 5. Bb3 Nc6 6. Nb5 g6 7. Qf3 f5 8.
Qd5 Qe7 9. Nxc7+ Kd8 10. Nxa8 b6 11. Ba4 Bb7 12. Nxb6 axb6 13. Qb3 Kc7 14.
Ne2 Qg5 15. O-O Nd4 16. Qc3+ Kd8 17. Qh3 Nxe2+ 18. Kh1 Nf4 19. Qg3 Bxg2+ 20.
Kg1 Qxg3 21. hxg3 Bxf1 22. gxf4 Bb5 23. Bxb5 Nxb5 24. fxe5 Nd4 25. Kh1 Nxc2
26. Rb1 Bc5 27. f4 g5 28. fxg5 Rg8 29. d4 Bxd4 30. Bf4 Be3 31. Bxe3 Nxe3 32.
Rg1 Ke7 33. Rg3 f4 34. Rh3 Rxg5 35. Rxh7+ Ke6 36. Rh6+ Kxe5 37. Rxb6 f3 38.
Rb5+ d5 39. Rb3 Ke4 40. Rb4+ d4 41. Rb8 f2 42. Re8+ Kd3 43. Kh2 f1=Q 44.
Rxe3+ Kxe3 45. a4 Qg2# {White checkmated} 0-1

[Event "GambitGuide"]
[Site "Internet Chess Club"]
[Date "2014.10.30"]
[Round "1"]
[White "JSBach"]
[Black "Koldobika"]
[Result "1-0"]
[ICCResult "Black checkmated"]
[WhiteElo "1666"]
[BlackElo "2079"]
[Opening "Vienna: `Frankenstein-Dracula' variation"]
[ECO "C27"]
[NIC "VG.02"]
[Time "15:22:57"]
[TimeControl "120+12"]

1. e4 e5 2. Nc3 Nf6 3. Bc4 Nxe4 4. Qh5 Nd6 5. Bb3 Nc6 6. Nb5 g6 7. Qf3 f5 8.
Qd5 Qe7 9. Nxc7+ Kd8 10. Nxa8 b6 11. Ba4 Bb7 12. Nxb6 axb6 13. Qb3 Kc7 14.
Ne2 Bg7 15. Nc3 Nd4 16. Nd5+ Bxd5 17. Qxd5 b5 18. Bb3 Rc8 19. c3 Nc6 20. O-O
h5 21. a4 bxa4 22. Bxa4 h4 23. Re1 h3 24. Bxc6 dxc6 25. Ra7+ Nb7 26. Qa5+
Kb8 27. Ra8# {Black checkmated} 1-0

[Event "GambitGuide"]
[Site "Internet Chess Club"]
[Date "2014.10.30"]
[Round "1"]
[White "JSBach"]
[Black "CadiZKilleR"]
[Result "0-1"]
[ICCResult "White checkmated"]
[WhiteElo "1666"]
[BlackElo "1582"]
[Opening "Vienna: `Frankenstein-Dracula' variation"]
[ECO "C27"]
[NIC "VG.02"]
[Time "15:23:03"]
[TimeControl "120+12"]

1. e4 e5 2. Nc3 Nf6 3. Bc4 Nxe4 4. Qh5 Nd6 5. Bb3 Nc6 6. Nb5 g6 7. Qf3 f5 8.
Qd5 Qe7 9. Nxc7+ Kd8 10. Nxa8 b6 11. Ba4 Bb7 12. Nxb6 axb6 13. Qb3 Kc7 14.
Ne2 Qg5 15. O-O Nd4 16. Qc3+ Kd8 17. Qh3 Nxe2+ 18. Kh1 Nf4 19. Qg3 Bxg2+ 20.
Kg1 Qxg3 21. hxg3 Bxf1 22. gxf4 Bb5 23. Bxb5 Nxb5 24. fxe5 Nd4 25. Kf1 Nxc2
26. Rb1 Nd4 27. d3 Bc5 28. Bg5+ Kc7 29. b4 Bf8 30. Bf6 Rg8 31. Rc1+ Kb7 32.
Rc4 Nc6 33. a3 Bg7 34. f4 Bxf6 35. exf6 Rf8 36. Kf2 Rxf6 37. b5 Na5 38. Rd4
Kc7 39. Kf3 Rd6 40. Ke3 Rxd4 41. Kxd4 Nb3+ 42. Kd5 h5 43. Kc4 Nd2+ 44. Kd4
h4 45. Ke3 h3 46. Kf2 h2 47. Kg2 Nf3 48. Kh1 Kd6 49. a4 Kc5 50. Kg2 Kb4 51.
Kh1 Kxa4 52. Kg2 Kxb5 53. Kxf3 h1=Q+ 54. Kf2 Qd5 55. Ke3 Kc5 56. Kf2 Qxd3
57. Ke1 Kd4 58. Kf2 Qe3+ 59. Kg2 Kd3 60. Kf1 Qe2+ 61. Kg1 Ke3 62. Kh1 Kf3
63. Kg1 Qg2# {White checkmated} 0-1

[Event "GambitGuide"]
[Site "Internet Chess Club"]
[Date "2014.10.30"]
[Round "1"]
[White "JSBach"]
[Black "Koldobika"]
[Result "1-0"]
[ICCResult "Black resigns"]
[WhiteElo "1666"]
[BlackElo "2079"]
[Opening "Vienna: `Frankenstein-Dracula' variation"]
[ECO "C27"]
[NIC "VG.02"]
[Time "15:24:22"]
[TimeControl "120+12"]

1. e4 e5 2. Nc3 Nf6 3. Bc4 Nxe4 4. Qh5 Nd6 5. Bb3 Nc6 6. Nb5 g6 7. Qf3 f5 8.
Qd5 Qe7 9. Nxc7+ Kd8 10. Nxa8 b6 11. Ba4 Bb7 12. Nxb6 axb6 13. Qb3 Kc7 14.
Ne2 Ne4 15. Qb5 Nc5 16. O-O Nxa4 17. Qxa4 h5 18. c3 h4 19. Re1 h3 20. Nf4
Qg5 21. d3 hxg2 22. Nd5+ {Black resigns} 1-0

[Event "GambitGuide"]
[Site "Internet Chess Club"]
[Date "2014.10.30"]
[Round "1"]
[White "JSBach"]
[Black "Smallerville"]
[Result "0-1"]
[ICCResult "White checkmated"]
[WhiteElo "1666"]
[BlackElo "2016"]
[Opening "Vienna: `Frankenstein-Dracula' variation"]
[ECO "C27"]
[NIC "VG.02"]
[Time "15:18:18"]
[TimeControl "120+12"]

1. e4 e5 2. Nc3 Nf6 3. Bc4 Nxe4 4. Qh5 Nd6 5. Bb3 Nc6 6. Nb5 g6 7. Qf3 f5 8.
Qd5 Qe7 9. Nxc7+ Kd8 10. Nxa8 b6 11. Ba4 Bb7 12. Nxb6 axb6 13. Qb3 Kc7 14.
Ne2 Nd4 15. Nxd4 exd4+ 16. Kf1 Qe4 17. f3 Qe5 18. Qb4 d3 19. cxd3 Ba6 20.
Bc2 Ne4 21. Qa4 Nc5 22. Qa3 Qd4 23. Ke2 Bd6 24. Kf1 Re8 25. Qc3 Bxd3+ 26.
Bxd3 Qxd3+ 27. Qxd3 Nxd3 28. g3 h5 29. f4 Bc5 30. a4 Re1+ 31. Kg2 Re2+ 32.
Kh3 Nf2+ 33. Kg2 Nxh1+ 34. Kxh1 Re1+ 35. Kg2 Bd4 36. Kf3 d5 37. h3 Kc6 38.
h4 Kc5 39. a5 b5 40. a6 Kc4 41. Kg2 Ba7 42. Kf3 Kd3 43. b4 Kc2 44. Bb2 Rxa1
45. Bxa1 Kxd2 46. Bf6 Kd3 47. Be7 d4 48. Bc5 Kc3 49. Bxa7 d3 50. Bc5 d2 51.
Ke2 Kc2 52. a7 d1=Q+ 53. Kf2 Qa1 54. Kg2 Kd3 55. Kh2 Ke4 56. Kg2 Qa2+ 57.
Kh3 Kf3 58. a8=Q+ Qxa8 59. Bd6 Qa2 60. Be5 Qg2# {White checkmated} 0-1

[Event "GambitGuide"]
[Site "Internet Chess Club"]
[Date "2014.10.30"]
[Round "1"]
[White "JSBach"]
[Black "MikeSno"]
[Result "1-0"]
[ICCResult "Black resigns"]
[WhiteElo "1666"]
[BlackElo "1288"]
[Opening "Vienna: `Frankenstein-Dracula' variation"]
[ECO "C27"]
[NIC "VG.02"]
[Time "15:22:02"]
[TimeControl "120+12"]

1. e4 e5 2. Nc3 Nf6 3. Bc4 Nxe4 4. Qh5 Nd6 5. Bb3 Nc6 6. Nb5 g6 7. Qf3 f5 8.
Qd5 Qe7 9. Nxc7+ Kd8 10. Nxa8 b6 11. Ba4 Bg7 12. Bxc6 dxc6 13. Qb3 Qb7 14.
Qd3 Ke7 15. Nxb6 axb6 16. Nf3 e4 17. Qe3 Nc4 18. Qe2 Re8 19. Qxc4 exf3 20.
gxf3 Kf8+ 21. Kd1 Be6 22. Qh4 c5 23. Qh3 Bd5 24. c3 Bxf3+ 25. Kc2 Bxh1 26.
Qxh7 Qe4+ 27. d3 Qe2+ 28. Bd2 c4 29. Rxh1 Qxd3+ 30. Kc1 Re2 31. Rd1 Kf7 32.
f4 b5 33. h3 b4 34. cxb4 c3 35. bxc3 Rxd2 36. Rxd2 Qxc3+ 37. Kd1 Qa1+ 38.
Ke2 Qc3 39. Rd7+ {Black resigns} 1-0

[Event "GambitGuide"]
[Site "Internet Chess Club"]
[Date "2014.10.30"]
[Round "1"]
[White "JSBach"]
[Black "riddick62"]
[Result "1-0"]
[ICCResult "Black resigns"]
[WhiteElo "1666"]
[BlackElo "1400"]
[Opening "Vienna: `Frankenstein-Dracula' variation"]
[ECO "C27"]
[NIC "VG.02"]
[Time "15:25:47"]
[TimeControl "120+12"]

1. e4 e5 2. Nc3 Nf6 3. Bc4 Nxe4 4. Qh5 Nd6 5. Bb3 Nc6 6. Nb5 g6 7. Qf3 f5 8.
Qd5 Qe7 9. Nxc7+ Kd8 10. Nxa8 b6 11. Ba4 Nb4 12. Qb3 Ne4 13. d3 Nc5 14. Qc4
Nc6 15. Bxc6 dxc6 16. Nf3 Bb7 17. Bg5 Qxg5 18. Nxg5 Bxa8 19. Nf7+ Kd7 20.
Nxh8 Bg7 21. Qf7+ Kd6 22. Qxg7 e4 23. Qf8+ Ke5 24. Qb8+ {Black resigns} 1-0

[Event "GambitGuide"]
[Site "Internet Chess Club"]
[Date "2014.10.30"]
[Round "1"]
[White "JSBach"]
[Black "MikeSno"]
[Result "1-0"]
[ICCResult "Black resigns"]
[WhiteElo "1666"]
[BlackElo "1288"]
[Opening "Vienna: `Frankenstein-Dracula' variation"]
[ECO "C27"]
[NIC "VG.02"]
[Time "15:26:57"]
[TimeControl "120+12"]

1. e4 e5 2. Nc3 Nf6 3. Bc4 Nxe4 4. Qh5 Nd6 5. Bb3 Nc6 6. Nb5 g6 7. Qf3 f5 8.
Qd5 Qe7 9. Nxc7+ Kd8 10. Nxa8 b6 11. Ba4 Qg5 12. d4 Nxd4 13. Bxg5+
{Black resigns}
1-0

[Event "GambitGuide"]
[Site "Internet Chess Club"]
[Date "2014.10.30"]
[Round "1"]
[White "JSBach"]
[Black "Zephyros"]
[Result "1-0"]
[ICCResult "Black resigns"]
[WhiteElo "1666"]
[BlackElo "1388"]
[Opening "Vienna: `Frankenstein-Dracula' variation"]
[ECO "C27"]
[NIC "VG.02"]
[Time "15:24:34"]
[TimeControl "120+12"]

1. e4 e5 2. Nc3 Nf6 3. Bc4 Nxe4 4. Qh5 Nd6 5. Bb3 Nc6 6. Nb5 g6 7. Qf3 f5 8.
Qd5 Qe7 9. Nxc7+ Kd8 10. Nxa8 b6 11. Ba4 Bb7 12. Nxb6 axb6 13. Qb3 b5 14.
Nf3 bxa4 15. Qxa4 Ne4 16. Qb5 Kc7 17. O-O Qc5 18. Qa4 Bd6 19. d3 Ra8 20. Qb3
Nf6 21. Bg5 Nd5 22. c4 Nf4 23. Bxf4 exf4 24. Rfe1 h6 25. Qc3 g5 26. Qf6 g4
27. d4 Qxc4 28. Rac1 Qd5 29. Nh4 Rxa2 30. Nxf5 Kb6 31. Nxd6 Ka7 32. Rc5 Qxd4
33. Nb5+ Kb6 34. Nxd4 Kxc5 35. Qf5+ Kxd4 36. Re4+ Kd3 37. Ra4+ Kd2 38. Rxa2
Nd4 39. Qxf4+ Kd3 40. Qe3+ Kc4 41. Ra4+ Kb5 42. Rxd4 {Black resigns} 1-0

[Event "GambitGuide"]
[Site "Internet Chess Club"]
[Date "2014.10.30"]
[Round "1"]
[White "JSBach"]
[Black "CombatWombat"]
[Result "0-1"]
[ICCResult "White checkmated"]
[WhiteElo "1666"]
[BlackElo "1519"]
[Opening "Vienna: `Frankenstein-Dracula' variation"]
[ECO "C27"]
[NIC "VG.02"]
[Time "15:21:50"]
[TimeControl "120+12"]

1. e4 e5 2. Nc3 Nf6 3. Bc4 Nxe4 4. Qh5 Nd6 5. Bb3 Nc6 6. Nb5 g6 7. Qf3 f5 8.
Qd5 Qe7 9. Nxc7+ Kd8 10. Nxa8 b6 11. Ba4 Ba6 12. Bxc6 dxc6 13. Qb3 Nc4 14.
d3 Na5 15. Qa3 Qh4 16. Nf3 Qg4 17. Nxe5 Qxg2 18. Nf7+ Kc8 19. Rf1 Bxa3 20.
Nxh8 Bc5 21. Bf4 Bd4 22. Nf7 Bxb2 23. Nd6+ Kd7 24. Rb1 Bc3+ 25. Ke2 g5 26.
Rg1 Qd5 27. Nxb6+ axb6 28. Rxg5 Qxa2 29. Rxb6 Qxc2+ 30. Kf3 Qxd3+ 31. Kg2
Qd5+ 32. Kh3 Bf1+ 33. Kh4 Bf6 34. Rb4 Bxg5+ 35. Kxg5 Qg8+ 36. Kxf5 Bh3+ 37.
Ke5 Qg7+ 38. Ke4 Bg2+ 39. Kd3 Qg6+ 40. Kd2 Bd5 41. Be5 Qg2 42. Ke1 Nb3 43.
Ke2 Qf3+ 44. Ke1 Qh1+ 45. Ke2 Bf3+ 46. Kd3 Qd1+ 47. Kc3 Bd5 48. Nc4 Bxc4 49.
Rxc4 Qe1+ 50. Kxb3 Qxe5 51. f4 Qe3+ 52. Ka4 Qh3 53. Rd4+ Kc7 54. Re4 Qxh2
55. Rc4 Qa2+ 56. Kb4 Qb2+ 57. Ka4 Qb5+ 58. Ka3 Qxc4 59. f5 Qc5+ 60. Kb3 Qxf5
61. Kc3 Qd5 62. Kc2 h5 63. Kc3 h4 64. Kb4 h3 65. Kc3 h2 66. Kc2 h1=Q 67. Kb2
Qh3 68. Kb1 Qdg2 69. Ka1 Qhh1# {White checkmated} 0-1

[Event "GambitGuide"]
[Site "Internet Chess Club"]
[Date "2014.10.30"]
[Round "1"]
[White "JSBach"]
[Black "iphantom"]
[Result "1-0"]
[ICCResult "Black resigns"]
[WhiteElo "1666"]
[BlackElo "1639"]
[Opening "Vienna: `Frankenstein-Dracula' variation"]
[ECO "C27"]
[NIC "VG.02"]
[Time "15:28:20"]
[TimeControl "120+12"]

1. e4 e5 2. Nc3 Nf6 3. Bc4 Nxe4 4. Qh5 Nd6 5. Bb3 Nc6 6. Nb5 g6 7. Qf3 f5 8.
Qd5 Qe7 9. Nxc7+ Kd8 10. Nxa8 b6 11. Ba4 Bb7 12. Nxb6 axb6 13. Qb3 Kc7 14.
Ne2 Na5 15. Qg3 f4 16. Qg4 h5 17. Qh3 g5 18. O-O g4 19. Qc3+ Bc6 20. Nxf4
exf4 21. Qxh8 Qg7 22. Qxg7 Bxg7 23. Bxc6 dxc6 24. h3 g3 25. c3 gxf2+ 26.
Rxf2 Nac4 27. b3 Ne5 28. Rxf4 Nd3 29. Rh4 Nxc1 30. Rxc1 Bh6 31. Rd1 Nf5 32.
Rxh5 Be3+ 33. dxe3 Nxe3 34. Rh7+ Kc8 35. Re1 {Black resigns} 1-0

[Event "GambitGuide"]
[Site "Internet Chess Club"]
[Date "2014.10.30"]
[Round "1"]
[White "JSBach"]
[Black "riddick62"]
[Result "1-0"]
[ICCResult "Black resigns"]
[WhiteElo "1666"]
[BlackElo "1400"]
[Opening "Vienna: `Frankenstein-Dracula' variation"]
[ECO "C27"]
[NIC "VG.02"]
[Time "15:28:51"]
[TimeControl "120+12"]

1. e4 e5 2. Nc3 Nf6 3. Bc4 Nxe4 4. Qh5 Nd6 5. Bb3 Nc6 6. Nb5 g6 7. Qf3 f5 8.
Qd5 Qe7 9. Nxc7+ Kd8 10. Nxa8 b6 11. Ba4 e4 12. Bxc6 dxc6 13. Qxc6 Qd7 14.
Qxd7+ Bxd7 15. d3 Bg7 16. Bg5+ Kc8 17. O-O-O Kb7 18. dxe4 Nxe4 19. Rxd7+
Kxa8 20. Rxg7 Nxf2 21. Bf6 Nxh1 22. Rf7 Re8 23. Kd2 Nf2 24. Bc3 f4 25. Rxf4
Ne4+ 26. Kd3 Nxc3 27. Kxc3 Re1 28. Rf8+ Kb7 29. Rf7+ Ka6 30. Nf3 Rh1 31.
Rxh7 Rf1 32. Rh6 g5 33. Nxg5 Rg1 34. g3 Rg2 35. Rh7 Re2 36. Kd3 Re8 37. h4
Rd8+ 38. Ke2 Re8+ 39. Kf3 Rf8+ 40. Rf7 Re8 41. h5 Re1 42. h6 Rf1+ 43. Kg4
Rg1 44. h7 Rxg3+ 45. Kxg3 {Black resigns} 1-0

[Event "GambitGuide"]
[Site "Internet Chess Club"]
[Date "2014.10.30"]
[Round "1"]
[White "JSBach"]
[Black "riddick62"]
[Result "1-0"]
[ICCResult "Black checkmated"]
[WhiteElo "1666"]
[BlackElo "1400"]
[Opening "Vienna: `Frankenstein-Dracula' variation"]
[ECO "C27"]
[NIC "VG.02"]
[Time "15:30:14"]
[TimeControl "120+12"]

1. e4 e5 2. Nc3 Nf6 3. Bc4 Nxe4 4. Qh5 Nd6 5. Bb3 Nc6 6. Nb5 g6 7. Qf3 f5 8.
Qd5 Qe7 9. Nxc7+ Kd8 10. Nxa8 b6 11. Ba4 Nb4 12. Qb3 Qh4 13. Qe3 Nd5 14.
Qxe5 Ne4 15. g3 Qg4 16. Qxh8 Nxf2 17. Qxf8# {Black checkmated} 1-0

[Event "GambitGuide"]
[Site "Internet Chess Club"]
[Date "2014.10.30"]
[Round "1"]
[White "JSBach"]
[Black "Macahan"]
[Result "1-0"]
[ICCResult "Black resigns"]
[WhiteElo "1666"]
[BlackElo "2029"]
[Opening "Vienna: `Frankenstein-Dracula' variation"]
[ECO "C27"]
[NIC "VG.02"]
[Time "15:29:10"]
[TimeControl "120+12"]

1. e4 e5 2. Nc3 Nf6 3. Bc4 Nxe4 4. Qh5 Nd6 5. Bb3 Nc6 6. Nb5 g6 7. Qf3 f5 8.
Qd5 Qe7 9. Nxc7+ Kd8 10. Nxa8 b6 11. Ba4 Bb7 12. Nxb6 axb6 13. Qb3 Kc7 14.
Ne2 Bg7 15. Rb1 e4 16. Nf4 Qe5 17. Nd5+ Kd8 18. Nxb6 Nd4 19. Qc3 Ke7 20.
Nxd7 Qf4 21. d3 Nf3+ 22. Kd1 Bxc3 23. Bxf4 {Black resigns} 1-0

[Event "GambitGuide"]
[Site "Internet Chess Club"]
[Date "2014.10.30"]
[Round "1"]
[White "JSBach"]
[Black "Zephyros"]
[Result "1-0"]
[ICCResult "Black resigns"]
[WhiteElo "1666"]
[BlackElo "1388"]
[Opening "Vienna: `Frankenstein-Dracula' variation"]
[ECO "C27"]
[NIC "VG.02"]
[Time "15:29:30"]
[TimeControl "120+12"]

1. e4 e5 2. Nc3 Nf6 3. Bc4 Nxe4 4. Qh5 Nd6 5. Bb3 Nc6 6. Nb5 g6 7. Qf3 f5 8.
Qd5 Qe7 9. Nxc7+ Kd8 10. Nxa8 b6 11. Ba4 Bb7 12. Nxb6 axb6 13. Qb3 Kc7 14.
Ne2 Ne4 15. Qb5 Qc5 16. O-O Qxb5 17. Bxb5 Bc5 18. c3 Nd6 19. Bxc6 Bxc6 20.
b4 {Black resigns} 1-0

[Event "GambitGuide"]
[Site "Internet Chess Club"]
[Date "2014.10.30"]
[Round "1"]
[White "JSBach"]
[Black "Quizmo"]
[Result "1-0"]
[ICCResult "Black resigns"]
[WhiteElo "1666"]
[BlackElo "1527"]
[Opening "Vienna: `Frankenstein-Dracula' variation"]
[ECO "C27"]
[NIC "VG.02"]
[Time "15:30:28"]
[TimeControl "120+12"]

1. e4 e5 2. Nc3 Nf6 3. Bc4 Nxe4 4. Qh5 Nd6 5. Bb3 Nc6 6. Nb5 g6 7. Qf3 f5 8.
Qd5 Qe7 9. Nxc7+ Kd8 10. Nxa8 b6 11. Ba4 Bb7 12. Nxb6 axb6 13. Qb3 Bh6 14.
d3 Bxc1 15. Qxb6+ Ke8 16. Rxc1 Kf7 17. Nf3 Rb8 18. Bxc6 dxc6 19. Qc5 Kg7 20.
Qxe5+ Qxe5+ 21. Nxe5 Nb5 22. a4 Nd4 23. a5 Ba6 24. c3 Nb3 25. Rc2 Kf6 26.
Nd7+ {Black resigns} 1-0

[Event "GambitGuide"]
[Site "Internet Chess Club"]
[Date "2014.10.30"]
[Round "1"]
[White "JSBach"]
[Black "riddick62"]
[Result "1/2-1/2"]
[ICCResult "Game drawn by repetition"]
[WhiteElo "1666"]
[BlackElo "1400"]
[Opening "Vienna: `Frankenstein-Dracula' variation"]
[ECO "C27"]
[NIC "VG.02"]
[Time "15:30:53"]
[TimeControl "120+12"]

1. e4 e5 2. Nc3 Nf6 3. Bc4 Nxe4 4. Qh5 Nd6 5. Bb3 Nc6 6. Nb5 g6 7. Qf3 f5 8.
Qd5 Qe7 9. Nxc7+ Kd8 10. Nxa8 b6 11. Ba4 Bb7 12. Nxb6 axb6 13. Qb3 Kc7 14.
Ne2 Nd4 15. Nxd4 exd4+ 16. Kf1 Qe6 17. Qd3 Qe4 18. Qxe4 fxe4 19. Ke1 Bg7 20.
Bb3 Re8 21. Rg1 e3 22. fxe3 dxe3 23. dxe3 Bh6 24. Kf2 Ne4+ 25. Ke2 Ba6+ 26.
Kf3 Ng5+ 27. Kg4 Ne6 28. Bd5 Bg7 29. c4 Bb7 30. Rf1 Bxd5 31. cxd5 Nc5 32.
Rf7 Be5 33. Rxh7 Ne4 34. Rh6 Nf2+ 35. Kg5 Rg8 36. Rxg6 Ne4+ 37. Kh5 Nf6+ 38.
Kg5 Ne4+ 39. Kh5 Nf6+ 40. Kg5 Ne4+ 41. Kh5 Nf6+ 42. Kg5 Ne4+ 43. Kh5
{Game drawn by repetition}
1/2-1/2

[Event "GambitGuide"]
[Site "Internet Chess Club"]
[Date "2014.10.30"]
[Round "1"]
[White "JSBach"]
[Black "basmaniac"]
[Result "1-0"]
[ICCResult "Black resigns"]
[WhiteElo "1666"]
[BlackElo "1681"]
[Opening "Vienna: `Frankenstein-Dracula' variation"]
[ECO "C27"]
[NIC "VG.02"]
[Time "15:28:47"]
[TimeControl "120+12"]

1. e4 e5 2. Nc3 Nf6 3. Bc4 Nxe4 4. Qh5 Nd6 5. Bb3 Nc6 6. Nb5 g6 7. Qf3 f5 8.
Qd5 Qe7 9. Nxc7+ Kd8 10. Nxa8 b6 11. Ba4 Bb7 12. Nxb6 axb6 13. Qb3 Kc7 14.
Ne2 Ne4 15. Qb5 Nc5 16. O-O Bg7 17. Nc3 Qd6 18. Re1 Ra8 19. Qc4 Ba6 20. Bb5
Nd4 21. Nd5+ Kb7 22. Bxa6+ Rxa6 23. b4 Nce6 24. b5 Ra5 25. Nb4 e4 26. c3
Nxb5 27. Rb1 Na3 28. Bxa3 Rxa3 29. Nd5 Ra6 30. Nb4 Ra4 31. Rb2 Qc5 32. Qb3
Qa5 33. Nd5 Nc5 34. Qxb6+ Qxb6 35. Nxb6 Ra6 36. Nxd7+ Kc6 37. Nb8+
{Black resigns}
1-0

[Event "GambitGuide"]
[Site "Internet Chess Club"]
[Date "2014.10.30"]
[Round "1"]
[White "JSBach"]
[Black "MikeSno"]
[Result "1-0"]
[ICCResult "Black resigns"]
[WhiteElo "1666"]
[BlackElo "1288"]
[Opening "Vienna: `Frankenstein-Dracula' variation"]
[ECO "C27"]
[NIC "VG.02"]
[Time "15:27:25"]
[TimeControl "120+12"]

1. e4 e5 2. Nc3 Nf6 3. Bc4 Nxe4 4. Qh5 Nd6 5. Bb3 Nc6 6. Nb5 g6 7. Qf3 f5 8.
Qd5 Qe7 9. Nxc7+ Kd8 10. Nxa8 b6 11. Ba4 e4 12. Bxc6 dxc6 13. Qxc6 e3 14.
fxe3 Bb7 15. Qc3 Bxg2 16. Qxh8 Bxa8 17. e4 Qxe4+ 18. Kd1 Qxh1 19. Qxf8+ Ne8
20. d3 Qxg1+ 21. Kd2 Qxh2+ 22. Kc3 Qe5+ 23. d4 Qg3+ 24. Kb4 Bc6 25. Bh6 a5+
26. Kc4 b5+ 27. Kc5 Bd7 28. Kb6 Qb8+ 29. Kxa5 Qa7+ 30. Kb4 Qxd4+ 31. Ka5 Kc7
32. Qa3 Nd6 33. Qc3+ Qxc3+ 34. bxc3 Ne4 35. Kb4 Ng3 36. Bf4+ {Black resigns}
1-0

[Event "GambitGuide"]
[Site "Internet Chess Club"]
[Date "2014.10.30"]
[Round "1"]
[White "JSBach"]
[Black "flinkfinger"]
[Result "0-1"]
[ICCResult "White checkmated"]
[WhiteElo "1666"]
[BlackElo "2337"]
[Opening "Vienna: `Frankenstein-Dracula' variation"]
[ECO "C27"]
[NIC "VG.02"]
[Time "15:31:00"]
[TimeControl "120+12"]

1. e4 e5 2. Nc3 Nf6 3. Bc4 Nxe4 4. Qh5 Nd6 5. Bb3 Nc6 6. Nb5 g6 7. Qf3 f5 8.
Qd5 Qe7 9. Nxc7+ Kd8 10. Nxa8 b6 11. Ba4 Bb7 12. Nxb6 axb6 13. Qb3 Kc7 14.
Nf3 e4 15. Nd4 Bg7 16. Nb5+ Nxb5 17. Bxb5 Nd4 18. Qc4+ Kb8 19. Qa4 f4 20.
O-O f3 21. Re1 Qg5 22. Bf1 fxg2 23. Be2 Be5 24. Bd1 Qf4 25. Qa8+ Bxa8 26.
Kxg2 Qxh2+ 27. Kf1 Qh1# {White checkmated} 0-1

[Event "GambitGuide"]
[Site "Internet Chess Club"]
[Date "2014.10.30"]
[Round "1"]
[White "JSBach"]
[Black "MikeSno"]
[Result "1-0"]
[ICCResult "Black resigns"]
[WhiteElo "1666"]
[BlackElo "1288"]
[Opening "Vienna: `Frankenstein-Dracula' variation"]
[ECO "C27"]
[NIC "VG.02"]
[Time "15:32:56"]
[TimeControl "120+12"]

1. e4 e5 2. Nc3 Nf6 3. Bc4 Nxe4 4. Qh5 Nd6 5. Bb3 Nc6 6. Nb5 g6 7. Qf3 f5 8.
Qd5 Qe7 9. Nxc7+ Kd8 10. Nxa8 b6 11. Ba4 Bg7 12. Bxc6 dxc6 13. Qb3 b5 14.
Qc3 Bb7 15. Qa5+ Kc8 16. Qxa7 e4 17. Nb6+ {Black resigns} 1-0

[Event "GambitGuide"]
[Site "Internet Chess Club"]
[Date "2014.10.30"]
[Round "1"]
[White "JSBach"]
[Black "Aspendos"]
[Result "0-1"]
[ICCResult "White checkmated"]
[WhiteElo "1666"]
[BlackElo "2041"]
[Opening "Vienna: `Frankenstein-Dracula' variation"]
[ECO "C27"]
[NIC "VG.02"]
[Time "15:30:56"]
[TimeControl "120+12"]

1. e4 e5 2. Nc3 Nf6 3. Bc4 Nxe4 4. Qh5 Nd6 5. Bb3 Nc6 6. Nb5 g6 7. Qf3 f5 8.
Qd5 Qe7 9. Nxc7+ Kd8 10. Nxa8 b6 11. Ba4 Bb7 12. Nxb6 axb6 13. Qb3 b5 14.
Nf3 bxa4 15. Qxa4 Bg7 16. O-O e4 17. Ne1 Ke8 18. d3 Kf7 19. Qb3+ Qe6 20.
Qxe6+ dxe6 21. a4 Ne5 22. d4 Nc6 23. Bg5 Nxd4 24. c3 Nb3 25. Rd1 Bd5 26. Nc2
Nc5 27. a5 Ra8 28. b4 Nd3 29. Rb1 Bxc3 30. g3 Nc4 31. Rb3 Bf6 32. Bxf6 Kxf6
33. Rc3 Nd2 34. Rd1 Nf3+ 35. Kg2 Rb8 36. Rb1 Nd2 37. Rg1 Nxb4 38. Nxb4 Rxb4
39. Kh3 Ra4 40. Rd1 Nf3 41. Rc5 Ng5+ 42. Kg2 e3+ 43. Rdxd5 exd5 44. fxe3 Ke5
45. Kg1 Ra2 46. Kh1 Nf3 47. Rc2 Rxc2 48. h3 Rh2# {White checkmated} 0-1

[Event "GambitGuide"]
[Site "Internet Chess Club"]
[Date "2014.10.30"]
[Round "1"]
[White "JSBach"]
[Black "MikeSno"]
[Result "1-0"]
[ICCResult "Black resigns"]
[WhiteElo "1666"]
[BlackElo "1288"]
[Opening "Vienna: `Frankenstein-Dracula' variation"]
[ECO "C27"]
[NIC "VG.02"]
[Time "15:33:33"]
[TimeControl "120+12"]

1. e4 e5 2. Nc3 Nf6 3. Bc4 Nxe4 4. Qh5 Nd6 5. Bb3 Nc6 6. Nb5 g6 7. Qf3 f5 8.
Qd5 Qe7 9. Nxc7+ Kd8 10. Nxa8 b6 11. Ba4 Bb7 12. Nxb6 axb6 13. Qb3 Kc7 14.
Ne2 Qg5 15. Qg3 Qf6 16. Qb3 Nd4 17. Nxd4 exd4 18. O-O {Black resigns} 1-0

[Event "GambitGuide"]
[Site "Internet Chess Club"]
[Date "2014.10.30"]
[Round "1"]
[White "JSBach"]
[Black "MikeSno"]
[Result "1-0"]
[ICCResult "Black resigns"]
[WhiteElo "1666"]
[BlackElo "1288"]
[Opening "Vienna: `Frankenstein-Dracula' variation"]
[ECO "C27"]
[NIC "VG.02"]
[Time "15:34:40"]
[TimeControl "120+12"]

1. e4 e5 2. Nc3 Nf6 3. Bc4 Nxe4 4. Qh5 Nd6 5. Bb3 Nc6 6. Nb5 g6 7. Qf3 f5 8.
Qd5 Qe7 9. Nxc7+ Kd8 10. Nxa8 b6 11. Ba4 e4 12. Bxc6 dxc6 13. Qxc6 Qc7 14.
Qxc7+ {Black resigns} 1-0

[Event "GambitGuide"]
[Site "Internet Chess Club"]
[Date "2014.10.30"]
[Round "1"]
[White "JSBach"]
[Black "Chivas"]
[Result "1-0"]
[ICCResult "Black checkmated"]
[WhiteElo "1666"]
[BlackElo "1479"]
[Opening "Vienna: `Frankenstein-Dracula' variation"]
[ECO "C27"]
[NIC "VG.02"]
[Time "15:32:37"]
[TimeControl "120+12"]

1. e4 e5 2. Nc3 Nf6 3. Bc4 Nxe4 4. Qh5 Nd6 5. Bb3 Nc6 6. Nb5 g6 7. Qf3 f5 8.
Qd5 Qe7 9. Nxc7+ Kd8 10. Nxa8 b6 11. Ba4 Bb7 12. Nxb6 axb6 13. Qb3 Nd4 14.
Qxb6+ Ke8 15. Kf1 Kf7 16. c3 Nc6 17. Bb3+ Kf6 18. Bd5 Bg7 19. Ne2 Rb8 20. d4
Ba6 21. Qxa6 exd4 22. cxd4 Nb4 23. h4 Nc2 24. Bg5# {Black checkmated} 1-0

[Event "GambitGuide"]
[Site "Internet Chess Club"]
[Date "2014.10.30"]
[Round "1"]
[White "JSBach"]
[Black "Quizmo"]
[Result "1-0"]
[ICCResult "Black resigns"]
[WhiteElo "1666"]
[BlackElo "1527"]
[Opening "Vienna: `Frankenstein-Dracula' variation"]
[ECO "C27"]
[NIC "VG.02"]
[Time "15:32:17"]
[TimeControl "120+12"]

1. e4 e5 2. Nc3 Nf6 3. Bc4 Nxe4 4. Qh5 Nd6 5. Bb3 Nc6 6. Nb5 g6 7. Qf3 f5 8.
Qd5 Qe7 9. Nxc7+ Kd8 10. Nxa8 b6 11. Ba4 Bb7 12. Nxb6 axb6 13. Qb3 Nc8 14.
Ne2 Qb4 15. Qf7 Qe7 16. Qxe7+ Bxe7 17. a3 Kc7 18. d3 Nd6 19. Bd2 Ra8 20. Nc3
Nd4 21. Rg1 Bc6 22. Bxc6 dxc6 23. O-O-O N4b5 24. f3 Nxc3 25. Bxc3 Nf7 26.
Rgf1 Rd8 27. Kb1 Bd6 28. Ka2 h6 29. b4 g5 30. a4 h5 31. a5 bxa5 32. bxa5 Ra8
33. Rb1 Bc5 34. Rb3 Nd6 35. Re1 Nb5 36. Bd2 Bd6 37. Reb1 Ra7 38. Be1 Nd4 39.
R3b2 Nb5 40. h3 g4 41. fxg4 hxg4 42. h4 f4 43. c4 Nd4 44. Bc3 Ne6 45. h5 Bc5
46. Bxe5+ Kd7 47. Rb7+ Rxb7 48. Rxb7+ Ke8 49. h6 {Black resigns} 1-0